 Dungeon Crawl Stone Soup version 0.32-a0-630-g46d191b0ed (webtiles) character file.

Game seed: 17356870921433614248

36 Aldia the Grasshopper (level 3, -1/28 HPs)
             Began as a Coglin Warper on Mar 7, 2024.
             Slain by a rat (2 damage)
             ... on level 2 of the Dungeon.
             The game lasted 00:01:56 (955 turns).

Aldia the Grasshopper (Coglin Warper)                Turns: 955, Time: 00:01:57

Health: -1/28      AC:  3    Str: 11    XL:     3   Next: 37%
Magic:  5/5        EV: 12    Int: 12    God:
Gold:   119        SH:  0    Dex: 15    Spells: 3/5 levels left

rFire   . . .        a - +0 falchion {Ku-aya}
rCold   . . .        f - +1 dagger (vamp) {Necuametl}
rNeg    . . .        b - +0 leather armour
rPois   .            (no helmet)
rElec   .            (no cloak)
rCorr   .            (no gloves)
SInv    .            (no boots)
Will    .....        (amulet unavailable)
Stlth   +            (ring unavailable)
HPRegen 0.24/turn    (ring unavailable)
MPRegen 0.09/turn    (no gizmo)

%: no passive effects
@: slowed, revved, very slow
A: off-hand wielding, slow wielding, warmup strikes, no jewellery
a: Invent Gizmo


You were on level 2 of the Dungeon.
You visited 1 branch of the dungeon, and saw 2 of its levels.

You collected 119 gold pieces.

Inventory:

Hand Weapons
 a - a +0 falchion (weapon) {Ku-aya}
 e - a +0 dagger {Tlaloc}
 f - a +1 vampiric dagger (offhand) {Necuametl}
Missiles
 d - 7 darts of dispersal (quivered)
Armour
 b - a +0 leather armour (worn)
 h - a +0 scale mail
Scrolls
 c - 2 scrolls of blinking
 i - a scroll of poison {unknown}
Potions
 g - a potion of lignification {unknown}


   Skills:
 + Level 2.4 Fighting
 * Level 2.9 Long Blades
 - Level 0.8 Throwing
 - Level 1.0 Armour
 + Level 2.2 Dodging
 - Level 1.7 Spellcasting
 - Level 3.0 Translocations


You had 3 spell levels left.
You knew the following spells:

 Your Spells              Type           Power      Damage    Failure   Level
a - Blink                 Tloc           16%        N/A       16%         2

Your spell library contained the following spells:

 Spells                   Type           Power      Damage    Failure   Level
 Lesser Beckoning         Tloc           16%        N/A       16%         2
 Teleport Other           Tloc           8%         N/A       32%         3
 Manifold Assault         Tloc           8%         N/A       71%         4
 Vhi's Electric Charge    Tloc/Air       8%         N/A       89%         4


Dungeon Overview and Level Annotations

Branches:
Dungeon (2/15)

Altars:

Annotations:
D:2 Natasha


Innate Abilities, Weirdness & Mutations

You can wield a second weapon in your off-hand.
It takes a long time for you to wield or remove held weapons.
Your first few attacks do less damage.
You cannot equip rings or amulets.


Message History

You miss Natasha with your +1 vampiric dagger.
You hit Natasha with your +0 falchion. The cerulean imp barely misses you.
Natasha claws you!
You hit Natasha with your +1 vampiric dagger.
You feel better.
Natasha is moderately wounded.
You closely miss Natasha with your +0 falchion.
The cerulean imp hits you but does no damage.
Natasha closely misses you. The rat bites you.
The cerulean imp hits you from afar with a +1 spear.
Natasha claws you.
You barely miss Natasha with your +0 falchion.
Natasha is moderately wounded.
You closely miss Natasha with your +1 vampiric dagger.
The rat bites you but does no damage. The cerulean imp barely misses you.
Natasha completely misses you. The cerulean imp misses you. The rat misses you.
You barely miss Natasha with your +1 vampiric dagger.
Natasha is moderately wounded.
You slash Natasha with your +0 falchion!
Natasha claws you. The rat barely misses you.
The cerulean imp hits you from afar with a +1 spear.
Natasha misses you.
You hit Natasha with your +1 vampiric dagger.
Natasha is almost dead.
You barely miss Natasha with your +0 falchion.
The rat bites you.
* * * LOW HITPOINT WARNING * * *
The cerulean imp closely misses you. Natasha claws you.
* * * LOW HITPOINT WARNING * * *
The rat closely misses you. The cerulean imp barely misses you.
Unknown command.
You barely miss Natasha with your +0 falchion.
Natasha is almost dead.
You closely miss Natasha with your +1 vampiric dagger.
Natasha casts a spell.
An orc priest comes into view. It is wielding a +0 short sword.
The cerulean imp hits you from afar with a +1 spear.
* * * LOW HITPOINT WARNING * * *
The rat bites you.
You die...

#.........##... .. .......
#............# #.##........
#...♣.♣....# ...........
##.....)...### ##.# .......
#...♣.♣......#####S.##.......
#.........##5S.o.So.{........
#...♣.♣<..# #5o....r♣.♣......
#.........# #h##..$..........
#...♣.♣...###@#...♣#♣(♣.♣....
##........†>.r#.>......... .
....♣.♣...#.......♣#♣.♣.♣...
.......#####.......#
##....... ......♣.♣ #.......#
# ..... ........# #.......#
.#### ......###
#.......#####..# ..
########......# ♣.♣...##


You could see an orc priest (wandering), Natasha, 2 cerulean imps, an orc, a
ball python and a rat.

Vanquished Creatures
  A dart slug (D:1)
  3 bats
  2 endoplasms (D:1)
  2 giant cockroaches (D:1)
  4 hobgoblins (D:1)
  2 jackals (D:1)
  6 kobolds
  3 quokkas
  2 ball pythons
  2 frilled lizards (D:1)
  2 goblins (D:1)
  2 rats (D:1)
31 creatures vanquished.

Notes
Turn   | Place    | Note
-------+----------+-------------------------------------------
     0 | D:1      | Aldia the Coglin Warper began the quest for the Orb.
     0 | D:1      | Reached XP level 1. HP: 16/16 MP: 3/3
    40 | D:1      | Found a faded altar of an unknown god.
    69 | D:1      | Reached skill level 1 in Armour
    82 | D:1      | Reached XP level 2. HP: 22/22 MP: 4/4
   310 | D:1      | Learned a level 2 spell: Blink
   345 | D:1      | Reached XP level 3. HP: 25/28 MP: 5/5
   935 | D:2      | Noticed Natasha
   955 | D:2      | HP: 1/28 [cerulean imp/+1 spear[Natasha] (2)]
   955 | D:2      | Slain by a rat

Illustrated notes

Levels and vault maps discovered:
D:1:      matt_arrival_los_fun, layout_loops_ring,
          hellmonk_ecumenical_altar_crossroads, minmay_octomino_e4
D:2:      layout_rooms, serial_forest, infiniplex_forest_straight_2,
          infiniplex_forest_end_3, infiniplex_forest_end_3,
          infiniplex_forest_3_way, infiniplex_forest_lined_3_way,
          infiniplex_forest_clump_C, infiniplex_forest_lined_3, basic_altar,
          uniq_natasha, uniq_crazy_yiuf_cottage

Skill      XL: |  1  2 |
---------------+-------+-----
Armour         | 1 |  1.0
Dodging        | 2 |  2.2
Fighting       | |  2.4
Long Blades    | |  2.9
Throwing       | |  0.8
Spellcasting   | |  1.7
Translocations | |  3.0

Action                     || total
---------------------------++-------
  Melee: Falchion          ||    69
         Dagger            ||    60
   Stab: Sleeping          ||     1
 Armour: Leather armour    ||    57
  Dodge: Dodged            ||    53

Table legend: (Time is in decaauts)
 A = Elapsed time spent in this place.
 B = Non-inter-level travel time spent in this place.
 C = Inter-level travel time spent in this place.
 D = Time resting spent in this place.
 E = Time spent auto-exploring this place.
 F = Levels seen in this place.
 G = Mean time per level.
                   A        B        C        D        E       F      G
               +--------+--------+--------+--------+--------+-----+--------+
         Total |    961 |    920 |     41 |      0 |    710 |   2 |  480.5 |
       Dungeon |    961 |    920 |     41 |      0 |    710 |   2 |  480.5 |
               +--------+--------+--------+--------+--------+-----+--------+

Top non-repeatable levels by time:
     D:1: 863 daAuts
     D:2: 98 daAuts
